 Dungeon Crawl Stone Soup version 0.29-a0-495-g17b79114eb (webtiles) character file.

Game seed: 17664845336331909809

765 greenreed the Poker (level 7, -2/61 HPs)
             Began as a Hill Orc Monk on May 27, 2022.
             Slain by a hornet (7 damage)
             ... on level 5 of the Dungeon.
             The game lasted 00:21:11 (6982 turns).

greenreed the Poker (Hill Orc Monk)                 Turns: 6982, Time: 00:21:12

Health: -2/61      AC: 11    Str: 16    XL:     7   Next: 81%
Magic:  10/10      EV: 10    Int: 10    God:
Gold:   57         SH:  0    Dex: 13    Spells: 10/10 levels left

rFire   . . .      SeeInvis .   h - +0 trident
rCold   . . .      Faith    .   (no shield)
rNeg    . . .      Spirit   .   e - +0 scale mail
rPois   .          Reflect  .   n - +0 helmet
rElec   .          Harm     .   (no cloak)
rCorr   .          Rampage  .   i - +0 pair of gloves
Will    .....                   p - +1 pair of boots
Stlth   +.........              (no amulet)
HPRegen 0.20/turn               s - ring of flight
MPRegen 0.12/turn               (no ring)

@: lethally poisoned (-2 -> -5), on berserk cooldown, flying, slowed, invisible,
very slow
A: no striking features
a: no special abilities


You were on level 5 of the Dungeon.
You visited 1 branch of the dungeon, and saw 5 of its levels.

You collected 277 gold pieces.
You spent 220 gold pieces at shops.

Inventory:

Hand Weapons
 a - a +0 spear
 h - a +0 trident (weapon)
 r - a +0 glaive
 A - a +0 halberd
Missiles
 j - 3 poisoned darts (quivered)
 k - 3 atropa-tipped darts
 t - 3 throwing nets
Armour
 b - a +0 robe
 e - a +0 scale mail (worn)
 i - a +0 pair of gloves (worn)
 n - a +0 helmet (worn)
 p - a +1 pair of boots (worn)
 q - a +0 chain mail
Magical Staves
 o - a staff of conjuration
Jewellery
 s - a ring of flight (left hand)
Wands
 y - a wand of acid (10)
Scrolls
 d - a scroll of brand weapon {unknown}
 g - 2 scrolls of enchant weapon
 l - a scroll of torment
 m - 3 scrolls of vulnerability
 x - a scroll of teleportation
 B - a scroll of magic mapping
 C - a scroll of fear
 D - a scroll of enchant armour
 E - a scroll of noise
 F - a scroll of poison
 G - a scroll of silence {unknown}
Potions
 c - a potion of ambrosia
 u - a potion of curing
 w - a potion of flight
 z - 2 potions of magic


   Skills:
 * Level 5.5 Fighting
 + Level 5.7 Polearms
 + Level 3.3 Armour
 + Level 3.2 Dodging
 + Level 1.8 Stealth
 * Level 2.0 Spellcasting
 * Level 2.9 Conjurations


You had 10 spell levels left.
You didn't know any spells.
Your spell library contained the following spells:

 Spells                   Type           Power      Damage    Failure   Level
 Ensorcelled Hibernation  Hex/Ice        2%         N/A       86%         2
 Passwall                 Tmut/Erth      0%         N/A       86%         2
 Conjure Flame            Conj/Fire      3%         6-21      88%         3
 Ignite Poison            Fire/Tmut/Pois 1%         N/A       97%         3
 Ozocubu's Armour         Ice            1%         N/A       97%         3
 Swiftness                Air            1%         N/A       97%         3
 Sticky Flame             Conj/Fire      3%         2d3       99%         4
 Ozocubu's Refrigeration  Ice            0%         4d5       100%        7


Dungeon Overview and Level Annotations

Branches:
Dungeon (5/15)
 Temple: D:4-7

Altars:
Dithmenos
Fedhas
Uskayaw

Shops:
D:3 (?!(?

Annotations:
D:5 Pikel


Message History

The hornet misses you.
The hornet stings you but does no damage.
The hornet closely misses you.
You feel better. The hornet stings you.
You feel as though you will be slow longer.
The hornet closely misses you.
A red film seems to cover your vision as you go berserk!
You feel yourself moving faster!
You feel mighty! The hornet barely misses you. The hornet stings you!
You feel as though you will be slow longer.
You hit the hornet.
The hornet is lightly wounded.
The hornet closely misses you. The hornet stings you!
* * * LOW HITPOINT WARNING * * *
You are poisoned.
You feel as though you will be slow longer.
You closely miss the hornet.
The hornet is lightly wounded.
You feel very sick. The hornet barely misses you.
You closely miss the hornet.
The hornet is lightly wounded.
You feel sick.
The hornet stings you but does no damage.
The hornet stings you.
* * * LOW HITPOINT WARNING * * *
You feel as though you will be slow longer.
You feel sick. The hornet closely misses you.
You fly downwards.
Level annotation: Pikel You feel a strong urge to attack something.
You feel sick. The iguana closely misses you. The orc barely misses you.
The orc hits you but does no damage.
The iguana bites you but does no damage.
There is a stone staircase leading up, spattered with blood here.
You are no longer berserk.
You are exhausted.
You feel as though you will be slow longer.
You feel sick. The hornet stings you!
You die...

..>................5..
#######........##
#..........# #..........#
#..........# ##..........#
##...........# #....
...........o.#####.........
............@...............#
...........yl....###........#
.......................#...
.#
...............##....>...###.
....................####...#.
......................##.....
##.............#..........#.
#..###........##.#........##
#...........#.##..........#.


You could see a hornet (can't see you), an iguana (can't see you) and an orc
(can't see you).

Vanquished Creatures
  Edmund (D:4)
  Duvessa (D:4)
  A black bear (D:4)
  An ogre (D:4)
  3 lemures (D:4)
  Dowan (D:4)
  A hound (D:4)
  An iguana (D:5)
  Natasha (thrice) (D:3)
  8 gnolls
  3 adders (D:4)
  An ufetubus (D:5)
  2 worms (D:4)
  3 dart slugs
  An orc (D:3)
  10 ball pythons
  8 endoplasms
  5 giant cockroaches
  6 goblins
  3 hobgoblins
  2 jackals (D:5)
  8 kobolds
  5 quokkas
  6 bats
  2 frilled lizards (D:2)
  7 rats
  A spectral kobold (D:1)
94 creatures vanquished.

Notes
Turn   | Place    | Note
-------+----------+-------------------------------------------
     0 | D:1      | greenreed the Hill Orc Monk began the quest for the Orb.
     0 | D:1      | Reached XP level 1. HP: 19/19 MP: 1/1
   223 | D:1      | Found a faded altar of an unknown god.
   316 | D:1      | Reached XP level 2. HP: 27/27 MP: 2/2
   792 | D:1      | Reached XP level 3. HP: 33/33 MP: 3/3
  2259 | D:3      | Found Heazes's Antique Weapon Emporium.
  2264 | D:3      | Found a hide-covered altar of Uskayaw.
  2284 | D:3      | Reached skill level 1 in Armour
  2302 | D:3      | Found Jeczinug's Distillery.
  2311 | D:3      | Bought a potion of heal wounds for 65 gold pieces
  2311 | D:3      | Bought a potion of curing for 39 gold pieces
  2311 | D:3      | Bought 2 potions of degeneration for 26 gold pieces
  2350 | D:3      | Noticed Natasha
  2367 | D:3      | Killed Natasha
  2368 | D:3      | Reached XP level 4. HP: 13/40 MP: 4/4
  2700 | D:3      | Found Ewump's Magic Scroll Shoppe.
  2737 | D:3      | Bought a scroll of identify for 20 gold pieces
  2737 | D:3      | Bought a scroll of identify for 20 gold pieces
  2737 | D:3      | Bought a scroll of teleportation for 30 gold pieces
  2737 | D:3      | Bought a scroll of identify for 20 gold pieces
  2760 | D:3      | Found Qeizys's Weapon Shoppe.
  2879 | D:3      | Noticed Natasha
  2888 | D:3      | Killed Natasha
  2889 | D:3      | Reached skill level 1 in Conjurations
  2889 | D:3      | Reached XP level 5. HP: 25/46 MP: 5/5
  3029 | D:3      | Found Lischetu's Magic Scroll Shop.
  3078 | D:3      | Noticed Natasha
  3098 | D:3      | Killed Natasha
  3936 | D:4      | Reached skill level 1 in Spellcasting
  3936 | D:4      | Reached XP level 6. HP: 43/53 MP: 7/7
  4556 | D:4      | Reached skill level 5 in Polearms
  4836 | D:5      | Entered Level 5 of the Dungeon
  4836 | D:5      | Noticed Edmund
  4837 | D:5      | Noticed Pikel
  5110 | D:5      | Noticed a black bear
  5817 | D:4      | Killed a black bear
  5818 | D:4      | Reached skill level 5 in Fighting
  5818 | D:4      | Reached XP level 7. HP: 53/61 MP: 9/9
  6165 | D:4      | Killed Edmund
  6303 | D:5      | Found a blossoming altar of Fedhas.
  6320 | D:5      | Found a shadowy altar of Dithmenos.
  6333 | D:5      | Noticed Duvessa
  6339 | D:5      | Noticed Dowan
  6419 | D:4      | Killed Duvessa
  6669 | D:4      | Killed Dowan
  6955 | D:5      | Noticed a hornet
  6971 | D:4      | Paralysed by a hornet for 2 turns
  6982 | D:5      | Slain by a hornet

Illustrated notes

Levels and vault maps discovered:
D:1:      dpeg_arrival_rooms_with_view, layout_loops_ring,
          dreamdust_ecumenical_altar_drowned_temple
D:2:      kennysheep_six_static_rooms, layout_basic
D:3:      layout_rooms, lemuel_crystal_altar, serial_shops,
          nicolae_lakefront_shop, nicolae_shop_waterfront,
          nicolae_lakefront_shop, nicolae_shop_stone, shop, uniq_natasha
D:4:      layout_rooms, chequers_serial_rivers_small_a, minmay_misc_feat_iff
D:5:      layout_rooms, nicolae_dithmenos_through_a_glass_darkly,
          fedhas_altar_2, lemuel_round_altar, serial_shops, shop, uniq_edmund,
          uniq_prince_ribbit1, uniq_duvessa, uniq_pikel, uniq_crazy_yiuf_cottage

Skill      XL: |  1  2  3  4  5  6  7 |
---------------+----------------------+-----
Fighting       | 4 5 |  5.5
Polearms       | 4 5 |  5.7
Armour         | 1 2 3 |  3.3
Conjurations   | 1 2 |  2.9
Dodging        | 3 |  3.2
Spellcasting   | 1 2 |  2.0
Stealth        | |  1.8

Action                   |  1- 3 |  4- 6 |  7- 9 || total
-------------------------+-------+-------+-------++-------
Melee: Spear             |   198 |   176 |       ||   374
       Punch             |     1 |     3 |       ||     4
       Trident           |       |   146 |    71 ||   217
  Use: Scroll            |       |    13 |     1 ||    14
       Potion            |       |     1 |     4 ||     5
Armor: Scale mail        |    68 |   127 |    30 ||   225
Dodge: Dodged            |    72 |   142 |    36 ||   250

Table legend: (Time is in decaauts)
 A = Elapsed time spent in this place.
 B = Non-inter-level travel time spent in this place.
 C = Inter-level travel time spent in this place.
 D = Time resting spent in this place.
 E = Time spent auto-exploring this place.
 F = Levels seen in this place.
 G = Mean time per level.
                   A        B        C        D        E       F      G
               +--------+--------+--------+--------+--------+-----+--------+
         Total |   6981 |   6484 |    497 |   1291 |   3760 |   5 | 1396.2 |
       Dungeon |   6981 |   6484 |    497 |   1291 |   3760 |   5 | 1396.2 |
               +--------+--------+--------+--------+--------+-----+--------+

Top non-repeatable levels by time:
     D:4: 2568 daAuts
     D:3: 1926 daAuts
     D:2: 1309 daAuts
     D:1: 980 daAuts
     D:5: 197 daAuts
